 Dungeon Crawl Stone Soup version 0.31-a0-43-g46d131a48f (webtiles) character file.

Game seed: 13911578746412939173

956 ders the Geomancer (level 8, -8/41 HPs)
             Began as a Gargoyle Earth Elementalist on May 19, 2023.
             Mangled by Duvessa
             ... wielding a +2 short sword of draining
              (12 damage)
             ... on level 5 of the Dungeon.
             The game lasted 00:04:45 (3305 turns).

ders the Geomancer (Gargoyle Earth Elementalist)    Turns: 3305, Time: 00:04:46

Health: -8/41      AC:  7    Str: 12    XL:     8   Next: 14%
Magic:  12/17      EV: 11    Int: 18    God:
Gold:   219        SH:  0    Dex: 10    Spells: 18/19 levels left

rFire   . . .        r - staff of earth
rCold   . . .        (no shield)
rNeg    + . .        a - +0 robe
rPois   ∞            (no helmet)
rElec   +            (no cloak)
rCorr   .            (no gloves)
SInv    .            (no boots)
Will    .....        (no amulet)
Stlth   ++           (no ring)
HPRegen 0.26/turn    (no ring)
MPRegen 0.15/turn

%: no passive effects
@: no status effects
A: sickness immunity, AC +5, negative energy resistance 1, electricity
resistance, torment resistance 1, petrification resistance
a: no special abilities


You were on level 5 of the Dungeon.
You visited 1 branch of the dungeon, and saw 5 of its levels.

You collected 219 gold pieces.

Inventory:

Hand Weapons
 p - a +2 scythe of venom
Missiles
 k - 2 datura-tipped darts (quivered)
Armour
 a - a +0 robe (worn)
Magical Staves
 r - a staff of earth (weapon)
Scrolls
 d - a scroll of poison {unknown}
 g - 2 scrolls of teleportation {unknown}
 h - a scroll of vulnerability {unknown}
 l - a scroll of enchant weapon {unknown}
 m - 4 scrolls of identify {unknown}
 q - 2 scrolls of fear {unknown}
Potions
 b - a potion of magic
 c - 3 potions of attraction {unknown}
 e - 2 potions of heal wounds {unknown}
 f - a potion of haste {unknown}
 i - a potion of lignification {unknown}
 j - a potion of cancellation {unknown}
 n - a potion of resistance {unknown}
 o - a potion of curing {unknown}
 s - 2 potions of flight {unknown}
 t - 2 potions of brilliance {unknown}
 u - a potion of berserk rage {unknown}
 v - a potion of invisibility {unknown}


   Skills:
 - Level 1.5 Dodging
 - Level 2.1 Stealth
 + Level 6.2 Spellcasting
 - Level 0.7 Transmutations
 + Level 8.5 Earth Magic


You had 18 spell levels left.
You knew the following spells:

 Your Spells              Type           Power      Damage    Failure   Level
a - Sandblast             Erth           100%       2d20      1%          1

Your spell library contained the following spells:

 Spells                   Type           Power      Damage    Failure   Level
 Passwall                 Tmut/Erth      27%        N/A       2%          2
 Stone Arrow              Conj/Erth      62%        3d10      6%          3
 Petrify                  Tmut/Erth      33%        N/A       17%         4


Dungeon Overview and Level Annotations

Branches:
Dungeon (5/15)
 Temple: D:4-7

Altars:
Nemelex Xobeh
Okawaru
Xom

Annotations:
D:5 2 runed translucent doors, Duvessa


Innate Abilities, Weirdness & Mutations

You are immune to sickness and miasma.
Your stone body is resilient. (AC +5)
You are immune to poison.
You resist negative energy. (rN+)
You are resistant to electric shocks. (rElec)
You are resistant to unholy torment.
You are immune to petrification.


Message History

Confirm with . or Enter, or press ? or * to list all spells.
Aiming: Sandblast (safe; 1% risk of failure)
Press: ? - help, Shift-Dir - straight line, f/p - Dowan
Aim: Dowan, wielding a +0 dagger, wearing a +2 robe of resistance and carrying a wand of roots (6) (severely wounded, 80% to hit)
You feel a surge of power!
The blast of sand hits Dowan!
You kill Dowan!
Duvessa weeps, and shakes her weapon.
Duvessa goes berserk!
Unknown command.
Casting: Sandblast (safe; 1% risk of failure)
Confirm with . or Enter, or press ? or * to list all spells.
Aiming: Sandblast (safe; 1% risk of failure)
Press: ? - help, Shift-Dir - straight line, f - Duvessa
Aim: Duvessa, wielding a +2 short sword of draining and wearing a +0 chain mail (berserk, 91% to hit)
You feel a surge of power!
The blast of sand hits Duvessa!
Duvessa is lightly wounded.
Duvessa hits you with a +2 short sword of draining.
Unknown command.
Unknown command.
Casting: Sandblast (safe; 1% risk of failure)
Confirm with . or Enter, or press ? or * to list all spells.
Aiming: Sandblast (safe; 1% risk of failure)
Press: ? - help, Shift-Dir - straight line, f/p - Duvessa
Aim: Duvessa, wielding a +2 short sword of draining and wearing a +0 chain mail (lightly wounded, berserk, 91% to hit)
You feel a surge of power!
The blast of sand hits Duvessa!
Duvessa is moderately wounded.
Duvessa hits you with a +2 short sword of draining.
Duvessa hits you with a +2 short sword of draining!!
Ouch! That really hurt!
* * * LOW HITPOINT WARNING * * *
Unknown command.
Casting: Sandblast (safe; 1% risk of failure)
Confirm with . or Enter, or press ? or * to list all spells.
Aiming: Sandblast (safe; 1% risk of failure)
Press: ? - help, Shift-Dir - straight line, f/p - Duvessa
Aim: Duvessa, wielding a +2 short sword of draining and wearing a +0 chain mail (moderately wounded, berserk, 91% to hit)
You feel a surge of power!
The blast of sand hits Duvessa!
Duvessa is heavily wounded.
Duvessa hits you with a +2 short sword of draining!
You die...

...# #.#
#####...##
.#.# ### .#
#.........
.#.# ..#
....<......
...# #.##
##...).....
#..# #..
#####...##
...# #..
#...# #.##
#)# ##...##
#.# #e#
#.....#
#.#######
######@#
#.#.#.#
#.#.....#
#......#
#.#....
#.#.###.#
#.###### #
###.#
#.#.###.# #.#
##.###.#
#.......###.#
#(.[....
###.........#
.....##..
#.....#####
##.#.##..
#.....# #
#.....
#######
#.#.....


You could see Duvessa (berserk).

Vanquished Creatures
  Grinder (D:5)
  Sigmund (D:2)
  An ice beast (D:4)
  2 scorpions (D:4)
  Dowan (D:5)
  2 orc priests
  A sleepcap (D:4)
  Jessica (D:2)
  Natasha (twice) (D:2)
  An orc wizard (D:4)
  An adder (D:2)
  An ufetubus (D:4)
  A worm (D:3)
  2 dart slugs (D:2)
  14 orcs
  9 endoplasms
  A giant cockroach (D:1)
  4 goblins
  8 hobgoblins
  4 jackals (D:1)
  9 kobolds
  5 quokkas
  11 ball pythons
  5 bats
  5 frilled lizards
  5 rats
98 creatures vanquished.

Vanquished Creatures (collateral kills)
  An orc wizard (D:4)
  An orc (D:4)
2 creatures vanquished.

Grand Total: 100 creatures vanquished

Notes
Turn   | Place    | Note
-------+----------+-------------------------------------------
     0 | D:1      | ders the Gargoyle Earth Elementalist began the quest for
                  | the Orb.
     0 | D:1      | Reached XP level 1. HP: 10/10 MP: 3/3
    81 | D:1      | Found a faded altar of an unknown god.
   223 | D:1      | Reached XP level 2. HP: 15/15 MP: 1/5
   280 | D:1      | Reached skill level 4 in Earth Magic
   821 | D:2      | Reached XP level 3. HP: 16/19 MP: 4/7
   860 | D:2      | Noticed Sigmund
   864 | D:2      | Killed Sigmund
   865 | D:2      | Reached skill level 5 in Earth Magic
   865 | D:2      | Reached XP level 4. HP: 5/24 MP: 3/9
   865 | D:2      | Reached XP level 5. HP: 5/28 MP: 3/10
  1209 | D:2      | Noticed Jessica
  1217 | D:2      | Killed Jessica
  1218 | D:2      | Reached skill level 6 in Earth Magic
  1218 | D:2      | Reached XP level 6. HP: 32/32 MP: 8/12
  1344 | D:2      | Noticed Natasha
  1348 | D:2      | Killed Natasha
  1539 | D:2      | Noticed Natasha
  1546 | D:2      | Killed Natasha
  2447 | D:3      | Found an iron altar of Okawaru.
  2544 | D:4      | Noticed an ice beast
  2551 | D:4      | Killed an ice beast
  2552 | D:4      | Reached skill level 7 in Earth Magic
  2552 | D:4      | Reached XP level 7. HP: 36/36 MP: 8/14
  2599 | D:4      | Found a sparkling altar of Nemelex Xobeh.
  2602 | D:4      | Reached skill level 5 in Spellcasting
  3077 | D:5      | Entered Level 5 of the Dungeon
  3077 | D:5      | Noticed Grinder
  3080 | D:5      | Paralysed by Grinder for 3 turns
  3083 | D:5      | Killed Grinder
  3084 | D:5      | Reached skill level 8 in Earth Magic
  3084 | D:5      | Reached XP level 8. HP: 39/41 MP: 12/17
  3149 | D:5      | Found a large runed translucent door.
  3155 | D:5      | Found a large runed translucent door.
  3157 | D:5      | Found a shimmering altar of Xom.
  3298 | D:5      | Noticed Duvessa
  3298 | D:5      | Noticed Dowan
  3302 | D:5      | Killed Dowan
  3305 | D:5      | Mangled by Duvessa

Illustrated notes

Levels and vault maps discovered:
D:1:      scummos_arrival_checkerplants, layout_rooms,
          hellmonk_ecumenical_altar_arch_garden
D:2:      layout_loops_ring, uniq_jessica, uniq_natasha, uniq_sigmund
D:3:      layout_rooms, okawaru_altar_gauntlet_db, serial_bayou_pond_d
D:4:      layout_rooms, mainiacjoe_overflow_alcove_1
D:5:      due_chaos_kobolds, layout_loops_cross, uniq_grinder, uniq_edmund,
          uniq_duvessa

Skill      XL: |  1  2  3  4  5  6  7 |
---------------+----------------------+-----
Earth Magic    | 4 5 6 7 8 |  8.5
Spellcasting   | 3 4 6 |  6.2
Dodging        | |  1.5
Stealth        | |  2.1
Transmutations | |  0.7

Action                     |  1- 3 |  4- 6 |  7- 9 || total
---------------------------+-------+-------+-------++-------
  Melee: Unarmed           |     1 |       |       ||     1
         Halberd           |       |     3 |       ||     3
  Throw: Dart              |     3 |       |     3 ||     6
   Cast: Sandblast         |    34 |    70 |    44 ||   148
   Stab: Sleeping          |       |     1 |       ||     1
 Armour: Robe              |     7 |     8 |     4 ||    19
  Dodge: Dodged            |    19 |    20 |    14 ||    53

Table legend: (Time is in decaauts)
 A = Elapsed time spent in this place.
 B = Non-inter-level travel time spent in this place.
 C = Inter-level travel time spent in this place.
 D = Time resting spent in this place.
 E = Time spent auto-exploring this place.
 F = Levels seen in this place.
 G = Mean time per level.
                   A        B        C        D        E       F      G
               +--------+--------+--------+--------+--------+-----+--------+
         Total |   3379 |   3284 |     95 |    332 |   2459 |   5 |  675.8 |
       Dungeon |   3379 |   3284 |     95 |    332 |   2459 |   5 |  675.8 |
               +--------+--------+--------+--------+--------+-----+--------+

Top non-repeatable levels by time:
     D:2: 1115 daAuts
     D:1: 743 daAuts
     D:3: 718 daAuts
     D:4: 570 daAuts
     D:5: 232 daAuts
